Cogmind - Beta 14 @@@ ROGUE MODE // 2024.10.23 @ 11:31:35 Player: AppleSource Result: Destroyed by D-53 Grenadier with Mini Grenade Launcher Performance ------------- Evolutions (0) 0 Regions Visited (2) 400 Robots Destroyed (20) 100 Value Destroyed (315) 315 Prototype IDs (0) 0 Alien Tech Used (0) 0 Bonus (0) 0 TOTAL SCORE: 815 Bonus ------- None Cogmind --------- Core Integrity 0/250 Matter 299/300 Energy 100/100 System Corruption 0% Temperature Cool (0) Movement Treading (320) Ox2 Location -10/Mines Parts ------- > --- POWER (1) -------- (None) > --- PROPULSION (2) --- Light Treads > --- UTILITY (2) ------ High-capacity Storage Unit > --- WEAPON (2) ------- Particle Gun Light Assault Rifle > --- INVENTORY (20) --- Ion Engine Hacking Suite Small Laser Peak State ------------ > --- POWER ------------ Light Ion Engine > --- PROPULSION ------- Light Treads > --- UTILITY ---------- Small Storage Unit High-capacity Storage Unit > --- WEAPON ----------- Particle Gun Light Assault Rifle > --- INVENTORY -------- Ion Engine Hacking Suite [Rating: 7] Favorites ----------- Power Light Ion Engine Engine Light Ion Engine Propulsion Light Treads Treads Light Treads Utility High-capacity Storage Unit Storage High-capacity Storage Unit Weapon Light Assault Rifle Energy Gun Particle Gun Ballistic Gun Light Assault Rifle Build | -11 -10 -10 ------- Run | Yrd Mat Min Slots Evolved . | . . . Power . | . . . Propulsion . | . . . Utility . | . . . Weapon . | . . . Parts Attached 10 | 6 3 1 Power 1 | 1 . . Engine 1 | 1 . . Core . | . . . Reactor . | . . . Propulsion 3 | 2 1 . Treads 3 | 2 1 . Leg . | . . . Wheel . | . . . Hover . | . . . Flight . | . . . Utility 2 | 1 1 . Device . | . . . Storage 2 | 1 1 . Processor . | . . . Hackware . | . . . Protection . | . . . Artifact . | . . . Weapon 4 | 2 1 1 Energy Gun 2 | 1 1 . Energy Cannon . | . . . Ballistic Gun 2 | 1 . 1 Ballistic Cannon . | . . . Launcher . | . . . Special Weapon . | . . . Impact Weapon . | . . . Slashing Weapon . | . . . Piercing Weapon . | . . . Special Melee Weapon . | . . . Unidentified Prototypes . | . . . Parts Lost 5 | . 3 2 Power 1 | . 1 . Propulsion 2 | . 1 1 Utility . | . . . Weapon 2 | . 1 1 Highest Loss Streak 1 | . 1 1 To Critical Strikes . | . . . Average Slot Usage (%) 70 | . 75 60 Engine 6 | . 9 . Treads 21 | . 23 17 Storage 14 | . 14 14 Energy Gun 13 | . 13 14 Ballistic Gun 13 | . 14 13 Peak Build Rating 7 | 6 7 6 Average Rating 5 | 4 5 5 On Entrance 4 | . 6 6 Naked Turns . | . . . Heaviest Build 47 | 10 47 44 Greatest Support 40 | 40 40 40 Greatest Overweight (x) 2 | . 2 2 Average Overweight (x) . | . . 1 Largest Inventory Capacity 20 | 8 20 20 Average Capacity 15 | 6 12 20 Most Carried 3 | 1 3 3 Average Carried 2 | . 2 3 Final Capacity 20 | 8 20 20 Final Carried 3 | 1 3 3 Class Distribution -------------------- 100% | Mutant Dominant Class ---------------- Mutant | -10/Materials Mutant | -10/Mines Resources | -11 -10 -10 ----------- Run | Yrd Mat Min Matter Collected 313 | 210 92 11 Remotely . | . . . Salvage Created 553 | . 415 138 Parts 30 | . 21 9 Haulers Intercepted 1 | . 1 . Recyclers Shooed 1 | . . 1 Parts Field Recycled . | . . . Retrieved Matter . | . . . Parts Self-Destructed . | . . . Prevented . | . . . Kills | -11 -10 -10 ------- Run | Yrd Mat Min Combat Hostiles Destroyed 15 | . 10 5 Guns 15 | . 10 5 Classes Destroyed 6 | . 6 . Hauler 1 | . 1 . Recycler 2 | . 1 1 Operator 1 | . 1 . Watcher 1 | . 1 . Swarmer 11 | . 6 5 Grunt 4 | . 4 . Best Kill Streak 4 | . 4 3 Combat Bots Only 4 | . 4 3 Max Kills in Single Turn 1 | . 1 1 Gunslinging . | . . . Exploded . | . . . Melee . | . . . Uniques/NPCs Destroyed . | . . . Combat | -11 -10 -10 -------- Run | Yrd Mat Min Hostile Shots Fired 77 | . 50 27 Missed 16 | . 12 4 Damage Taken 966 | . 541 425 Core 263 | . 62 201 Absorbed by Shields . | . . . Core Remaining (%) 100 | 100 . . Volleys Fired 47 | . 36 11 Largest 2 | . 2 2 Hottest 85 | . 85 85 Shots Fired 88 | . 70 18 Gun 88 | . 70 18 Cannon . | . . . Launcher . | . . . Special . | . . . Kinetic 43 | . 36 7 Thermal 45 | . 34 11 Explosive . | . . . Electromagnetic . | . . . Robot Hit Streak 6 | . 6 5 Robot Miss Streak 3 | . 3 3 Penetration Max . | . . . Secondary Targets 4 | . 4 . Max Gunslinging Chain 1 | . 1 . Shots Hit Robots 54 | . 44 10 Core Hits 32 | . 25 7 Critical Kills . | . . . Critical Parts Destroyed . | . . . Critical Strikes 2 | . . 2 Burn 2 | . . 2 Melee Attacks . | . . . Impact . | . . . Slashing . | . . . Piercing . | . . . Sneak Attacks . | . . . Combat Hostiles . | . . . Follow-up Attacks . | . . . Damage Inflicted 596 | . 462 134 Guns 590 | . 459 131 Cannons . | . . . Explosions . | . . . Melee . | . . . Ramming 6 | . 3 3 Kinetic 229 | . 205 24 Thermal 361 | . 254 107 Explosive . | . . . Electromagnetic . | . . . Impact . | . . . Slashing . | . . . Piercing . | . . . Highest Corruption . | . . . Average Corruption . | . . . Corruption Purged . | . . . Corruption Blocked . | . . . Overload Shots . | . . . Overflow Damage . | . . . Projectiles . | . . . Explosions . | . . . Melee . | . . . Knockbacks . | . . . Impact . | . . . Kinetic . | . . . Secondary . | . . . Self-Inflicted Damage . | . . . Shots . | . . . Rammed 3 | . 2 1 Targets Rammed 3 | . 2 1 Kicked . | . . . Crushed . | . . . Highest Temperature 146 | . 146 85 Average Temperature 36 | . 36 37 Received Heat Transfer 152 | . 132 20 Siege Activations . | . . . Robots Corrupted . | . . . Combat Hostiles . | . . . Parts Fried . | . . . Impact Corruptions . | . . . Robots Melted . | . . . Combat Hostiles . | . . . Parts Melted 3 | . . 3 Heat Transferred 1027 | . 620 407 Parts Sabotaged . | . . . Parts Stolen . | . . . Parts Stripped . | . . . Power Chain Reactions . | . . . Alert | -11 -10 -10 ------- Run | Yrd Mat Min Peak Influence 229 | . 229 135 Initial 30 | . . 30 Average 77 | . 87 69 Maximum Alert Level 1 | . 1 . Low Security (%) 98 | 100 96 100 Level 1 1 | . 3 . Level 2 . | . . . Level 3 . | . . . Level 4 . | . . . Level 5 . | . . . High Security . | . . . Max Security . | . . . Squads Dispatched 2 | . 2 . Investigation . | . . . Extermination . | . . . Reinforcement 2 | . 2 . Assault . | . . . Garrison . | . . . Intercept . | . . . Searches Triggered . | . . . Construction Impeded . | . . . Haulers Reinforced . | . . . Active Scanning Responses . | . . . Cargo Convoy Interrupts . | . . . Stealth | -11 -10 -10 --------- Run | Yrd Mat Min Distress Signals . | . . . Communications Jammed . | . . . Distress Signals . | . . . Times Spotted 28 | . 19 9 Peak Tracking Total 4 | . 3 4 Tactical Retreats 1 | . 1 . Traps | -11 -10 -10 ------- Run | Yrd Mat Min Traps Triggered 1 | . 1 . Indirectly . | . . . Trap Hack Attempts . | . . . Triggered . | . . . Disarmed . | . . . Reprogrammed . | . . . Reused . | . . . Traps Extracted . | . . . Installed . | . . . Triggered . | . . . Machines | -11 -10 -10 ---------- Run | Yrd Mat Min Machines Disabled 1 | . 1 . Max in Single Turn 1 | . 1 . Machines Repaired . | . . . Machines Dismantled . | . . . Machines Sabotaged . | . . . Overloaded Fab Kills . | . . . Hacking | -11 -10 -10 --------- Run | Yrd Mat Min Machines Accessed 1 | . . 1 Terminals . | . . . Fabricators . | . . . Repair Stations . | . . . Recycling Units . | . . . Scanalyzers . | . . . Garrison Access . | . . . Total Hacks 1 | . . 1 Successful 1 | . . 1 Failed . | . . . Catastrophic . | . . . Database Lockouts . | . . . Manual . | . . . Terminals . | . . . Fabricators . | . . . Repair Stations . | . . . Recycling Units . | . . . Scanalyzers . | . . . Garrison Access . | . . . Terminal Hacks 1 | . . 1 Open Door 1 | . . 1 Fabricator Hacks . | . . . Repair Station Hacks . | . . . Recycling Unit Hacks . | . . . Scanalyzer . | . . . Garrison Access Hacks . | . . . Unauthorized Hacks . | . . . Terminals . | . . . Fabricators . | . . . Repair Stations . | . . . Recycling Units . | . . . Scanalyzers . | . . . Garrison Access . | . . . Data Cores Recovered . | . . . Used . | . . . Hacking Detections . | . . . Full Trace Events . | . . . Feedback Events . | . . . Feedback Blocked . | . . . Robot Schematics Acquired . | . . . Robots Built . | . . . Authchips . | . . . Time . | . . . Total Robot Build Rating . | . . . Part Schematics Acquired . | . . . Parts Built . | . . . Authchips . | . . . Time . | . . . Total Part Build Rating . | . . . Parts Repaired . | . . . Time . | . . . Parts Recycled . | . . . Recycled Matter . | . . . Retrieved Matter . | . . . Retrieved Components . | . . . Parts Scanalyzed . | . . . Part Schematics Acquired . | . . . Parts Damaged . | . . . Bothacking | -11 -10 -10 ------------ Run | Yrd Mat Min Used RIF Installer . | . . . Robots Hacked . | . . . Non-combat . | . . . Combat . | . . . Robot Hacks Applied . | . . . Relay Couplers Released . | . . . Fabnet Peak Effective % . | . . . Robots Rewired . | . . . Allies Hacked . | . . . Hacks Repelled . | . . . Allies | -11 -10 -10 -------- Run | Yrd Mat Min Total Allies . | . . . Largest Group . | . . . Highest-Rated Group . | . . . Highest-Rated Ally . | . . . Total Orders . | . . . Ally Attacks . | . . . Total Damage . | . . . Kills . | . . . Allies Corrupted . | . . . Allies Melted . | . . . Intel | -11 -10 -10 ------- Run | Yrd Mat Min Robot Analysis Total . | . . . Derelict Logs Recovered 1 | . . 1 Drone Launches . | . . . Drone Recoveries . | . . . Exploration | -11 -10 -10 ------------- Run | Yrd Mat Min Turns Passed 1654 | 70 1006 578 Spaces Moved 681 | 41 456 184 Core 4 | 4 . . Treads 677 | 37 456 184 Legs . | . . . Wheels . | . . . Hover . | . . . Flight . | . . . Fastest Speed 50 | 50 160 240 Average Speed 218 | 149 194 296 Slowest Speed 320 | 160 320 320 Overloaded Moves . | . . . Propulsion Burnouts . | . . . Robots Hopped . | . . . Cave-ins Triggered . | . . . Exploration Rate (%) 41 | 4 85 34 Regions Visited 2 Branch Regions 1 Pre-discovered Areas 1 | . . 1 Known Exits Taken . | . . . Unknown Exits Taken 2 | 1 1 . Scrap Searched . | . . . Spaces Dug . | . . . Terrain Destroyed . | . . . Melee . | . . . Projectile . | . . . AOE . | . . . Terrain Rammed . | . . . Walls Destroyed . | . . . Machines Disabled . | . . . Actions | -11 -10 -10 --------- Run | Yrd Mat Min Total 758 | 47 511 200 Wait 13 | . 10 3 Move 679 | 40 455 184 Hop . | . . . Pick Up 4 | 1 3 . Fast Attach 9 | 6 2 1 Attach 1 | . 1 . Detach 1 | . 1 . Swap . | . . . Drop 1 | . 1 . Fire 47 | . 36 11 Melee . | . . . Ram . | . . . Kick . | . . . Crush 3 | . 2 1 Escape Stasis . | . . . Rewire . | . . . Trap . | . . . Miscellaneous . | . . . Route ------- -11/Scrapyard -10/Materials (discovered 4 exits: [*Mat x3] / *Min) -10/Mines (discovered 1 exit: [*Mat]) History --------- Turn | Location | Event 10 | -11/Scrapyard | Discovered new exit (range 15) 71 | -11/Scrapyard | Entered Materials 230 | -10/Materials | Discovered new exit (range 4) 300 | -10/Materials | Build established: Mutant 309 | -10/Materials | Discovered new exit (range 9) 797 | -10/Materials | Discovered new exit (range 15) 823 | -10/Materials | Discovered new exit (range 13) 1077 | -10/Materials | Entered Mines 1088 | -10/Mines | Met a Derelict who couldn't figure out how to use a Trap Extractor 1106 | -10/Mines | Discovered new exit (range 10) 1490 | -10/Mines | Learned location of Storage (-9) 1590 | -10/Mines | Assembled infested the area 1595 | -10/Mines | Assisted by a Guerilla fighting off Assembled 1643 | -10/Mines | Core integrity fell below 50% 1647 | -10/Mines | Core integrity fell below 20% 1655 | -10/Mines | Destroyed by D-53 Grenadier with Mini Grenade Launcher Last Messages --------------- Acquired derelict log, extracted data. World map updated: -9/Storage. K-01 Serf cleans the Core Extractor. ALERT: Infestation in the mines, dispatching Demolisher response squad. A derelict emerges from the shadows: "You need to get out of here! I've been tracking a group of Assembled to figure out where they're coming from, and they're closing on this area, come on!" U-05 Engineer lays Concrete. U-05 Engineer builds a Wall. U-05 Engineer lays Concrete. K-01 Serf destroyed. U-05 Engineer builds a Wall. K-01 Serf collects debris. U-05 Engineer lays Concrete. The unstable cave ceiling collapses. U-05 Engineer builds a Wall. The unstable cave ceiling collapses. Map ----- +----------------------------------------------------+ | ?????????????????????????????????????????????????? | | ?????????????????###########?????????????????????? | | ?????????????????# #?????????# ?????????? | | ?????????????????# """ #????????? ?????????? | | ?????????????????# """ #????????? "?????????? | | ?????????????????# """ #???????? "?????????? | | ??????????????#### < #???????? "?????????? | | #####?????????# """ #???????? ??????????? | | #?????????# ## """ #???????? #??????????? | | ###%#???????### ## """ #???????? #??????????? | | ??# #???????# ## ###?????? #??????????? | | ??# #???????# ############# ####### ##?????????? | | ??#=#???????# #??????????## ## #?????????? | | ?##%#####???# #??????????# ]! # #?????????? | | ?#[ #???# #??????????# [ ! #?????????? | | ?# """ #???# #??????????# #?????????? | | ?# """ #???# #??????????# * !# #?????????? | | ?# """ #####%#??????????## ## #?????????? | | ?# % #???????????#### #?????????? | | ?# #### %#??????????????# #?????????? | | ?# #??# #????????####### #?????????? | | ?########??#% #????????# #?????????? | | ???????????# #?????#### #?????????? | | ???????????# #????## ### #?????????? | | ???#######?# ## ### ## #?????????? | | ??## ## #?# # @ ############?????????? | | ??# ####### #???????????????????? | | ??# % ud # a #???????????????????? | | ??## % k # ##???????????????????? | | ???## a #??????????????????? | | ????## #?????????????????? | | ?????### """ ## # # #????????????????? | | ???????## """ #### # #???????????????? | | ????????# """ #???????????????? | | ????????# ? #???????????????? | | ????????## #### # ?# #???????????????? | | ?????????# ## ####??##?# ??# ???????????????? | | ???????? ?# ?????????? ##?? ??????????????? | | ???????### ?# ?????????? #???? ##?????????????? | | ?????????# ?# ?????????? ??????????????????????? | | ?????????#??# ??????????? ??????????????????????? | | ????????????# ??????????? ??????????????????????? | | ????????????# ???????????????????????????????????? | | ????????????#????????????????????????????????????? | | ?????????????????????????????????????????????????? | | ?????????????????????????????????????????????????? | | ?????????????????????????????????????????????????? | | ?????????????????????????????????????????????????? | | ?????????????????????????????????????????????????? | | ?????????????????????????????????????????????????? | +----------------------------------------------------+ Best States ------------- Heat Dissipation 25 Energy Generation 10 Energy Capacity 125 Matter Stores 300 Matter Capacity 300 Sight Range 16 Terrain Scan Density 10 Evasion (%) 40 Recoil Reduction 2 Item Schematics ----------------- None Robot Schematics ------------------ None Fabricated ------------ Nothing Alien Tech Used ----------------- None Achievements -------------- None Challenges ------------ None Game ------ Seed MiniMetaBay Manual? 0 Play Time 00:11:36 Cumulative 19.3 hours Start 2024.10.23 @ 11:22:18 End 2024.10.23 @ 11:31:35 Sessions 1 Manual Loads 0 Difficulty Rogue Special Mode None Game No. 31 Rogue 19 Adventurer 12 Explorer 0 Win Type - Total 0 Types 0/0/0/0/0/0/0/0/0 Lore% 8 Gallery% 17 Achievement% 16 Wizard Run 0 Options --------- Layout 1 ASCII 0 Keyboard 1 Movement Numpad Keybinds 0 Fullscreen 2 Font 32/SmallcapsGlow Map View 50x35 Zoom Use 0% Tactical HUD 0 Map Filters NONE Filters NONE Steam 1 RUN: 10f2d2af-d95a-43ad-90f0-d39fad2e3a3d